 Dungeon Crawl Stone Soup version 0.29-a0-284-gf9362112df (webtiles) character file.

Game seed: 7358273002028385052

282 gzilladon the Chopper (level 6, -25/55 HPs)
             Began as a Hill Orc Monk on Mar 25, 2022.
             Was a Believer of Beogh.
             Killed from afar by Ijyb (35 damage)
             ... with a bolt of acid
             ... on level 4 of the Dungeon.
             The game lasted 00:13:39 (4590 turns).

gzilladon the Chopper (Hill Orc Monk)               Turns: 4590, Time: 00:13:40

Health: -25/55     AC:  3    Str: 16    XL:     6   Next: 28%
Magic:  6/6        EV: 10    Int: 10    God:    Beogh [**....]
Gold:   220        SH:  0    Dex: 13    Spells: 5/5 levels left

rFire   . . .      SeeInvis .   t - +0 war axe
rCold   . . .      Faith    .   m - +0 kite shield
rNeg    . . .      Spirit   .   o - +0 leather armour
rPois   .          Reflect  .   (no helmet)
rElec   .          Harm     .   (no cloak)
rCorr   .          Rampage  .   (no gloves)
Will    .....                   (no boots)
Stlth   +.........              (no amulet)
HPRegen 0.18/turn               (no ring)
MPRegen 0.10/turn               (no ring)

@: confused, ambrosia-drunk
A: no striking features
a: Renounce Religion, Smiting


You were on level 4 of the Dungeon.
You worshipped Beogh.
Beogh was pleased with you.
You visited 1 branch of the dungeon, and saw 4 of its levels.

You collected 220 gold pieces.

Inventory:

Hand Weapons
 a - a +0 hand axe
 t - a +0 war axe (weapon)
Missiles
 j - 32 stones (quivered)
Armour
 b - a +0 robe
 f - an orb of light
 m - a +0 kite shield (worn)
 o - a +0 leather armour (worn)
Wands
 r - a wand of paralysis (10)
 s - a wand of flame (21)
Scrolls
 e - 5 scrolls of identify {unknown}
 g - a scroll of teleportation {unknown}
 h - a scroll of blinking {unknown}
 l - a scroll of enchant armour {unknown}
 p - a scroll of vulnerability {unknown}
Potions
 c - 2 potions of ambrosia
 d - 2 potions of heal wounds {unknown}
 i - a potion of brilliance {unknown}
 k - a potion of attraction {unknown}
 n - a potion of lignification {unknown}
 q - a potion of curing {unknown}


   Skills:
 + Level 4.8 Fighting
 * Level 7.2 Axes
 + Level 1.2 Armour
 - Level 2.8 Dodging
 - Level 1.6 Stealth
 * Level 1.6 Shields


You had 5 spell levels left.
You didn't know any spells.
Your spell library contained the following spells:

 Spells                   Type           Power      Damage    Failure   Level
 Static Discharge         Conj/Air       0%         N/A       93%         2
 Dispel Undead            Necr           0%         3d6       100%        4
 Sticky Flame             Conj/Fire      0%         2d3       100%        4


Dungeon Overview and Level Annotations

Branches:
Dungeon (4/15)
 Temple: D:4-7

Altars:
Dithmenos
Zin

Annotations:
D:4 Ijyb


Message History

The orc barely misses you.
Things that are here:
a +0 giant club; an ogre corpse You slash the orc!
You kill the orc!
Beogh accepts your kill. The orc closely misses you.
You see here a +0 trident.
You hit the orc.
The orc is almost dead.
The orc hits you with a +0 hand axe! The endoplasm misses you.
The orc hits you with a +0 hand axe.
You barely miss the orc.
The orc is almost dead.
You slash the endoplasm!
You kill the endoplasm!
Beogh accepts your kill. The orc hits you with a +0 hand axe.
You barely miss the orc.
The orc is almost dead.
You block the orc's attack.
You completely miss the orc.
The orc is almost dead.
The orc hits you with a +0 hand axe. The orc hits you but does no damage.
You slash the orc!
You kill the orc!
Beogh accepts your kill.
You start resting.
Ijyb the Twisted Goblin comes into view.
She is wielding a +0 club and carrying a wand of acid (6).
Ijyb is nearby!
Ijyb zaps a wand.
The bolt of acid hits you!!
* * * LOW HITPOINT WARNING * * *
You are confused.
You feel invigorated.
Ijyb zaps a wand.
The bolt of acid hits you!!
* * * LOW HITPOINT WARNING * * *
You are too confused!
You see here a +0 hand axe.
You bump into the rock wall.
Ijyb zaps a wand.
The bolt of acid hits you!!
Ouch! That really hurt!
You die...

##### ## #... .##
##.####..
#########...##.##
#...........)))@#####
##.#######...##....g.#
..............######.#
).#.#######.#.# #.#
#...# #.#.# #o#######.
##### #.#.# #....o.o..
..#.# #####.o... .##..
.K. .


You could see Ijyb.

Vanquished Creatures
  An ogre (D:4)
  A howler monkey (D:4)
  An iguana (D:4)
  2 adders (D:2)
  A white imp (D:4)
  4 worms
  2 dart slugs
  7 orcs (D:4)
  6 bats
  4 endoplasms
  2 giant cockroaches
  12 goblins
  7 hobgoblins
  A jackal (D:3)
  6 quokkas
  7 ball pythons
  3 frilled lizards
  10 kobolds
  7 rats
84 creatures vanquished.

Vanquished Creatures (others)
  An orc priest (D:4)
  An orc (D:4)
  A kobold (D:4)
3 creatures vanquished.

Grand Total: 87 creatures vanquished

Notes
Turn   | Place    | Note
-------+----------+-------------------------------------------
     0 | D:1      | gzilladon the Hill Orc Monk began the quest for the Orb.
     0 | D:1      | Reached XP level 1. HP: 19/19 MP: 1/1
    76 | D:1      | Reached XP level 2. HP: 21/27 MP: 2/2
   296 | D:1      | Found a faded altar of an unknown god.
   606 | D:1      | Reached XP level 3. HP: 33/33 MP: 3/3
   956 | D:2      | HP: 1/34 [poisoned by an adder]
  1748 | D:2      | You fall into a shaft and drop 1 floor!
  1764 | D:3      | Reached skill level 5 in Axes
  2026 | D:2      | Found a glowing silver altar of Zin.
  2063 | D:2      | Reached XP level 4. HP: 26/41 MP: 4/4
  2641 | D:3      | Found a shadowy altar of Dithmenos.
  3424 | D:3      | Found a glowing silver altar of Zin.
  3889 | D:4      | Reached skill level 6 in Axes
  3889 | D:4      | Reached XP level 5. HP: 37/47 MP: 5/5
  3992 | D:4      | Reached skill level 1 in Shields
  4499 | D:4      | Noticed an ogre
  4510 | D:4      | Killed an ogre
  4511 | D:4      | Reached skill level 7 in Axes
  4511 | D:4      | Reached skill level 1 in Armour
  4511 | D:4      | Reached XP level 6. HP: 55/55 MP: 6/6
  4524 | D:4      | Became a worshipper of Beogh the Brigand
  4524 | D:4      | Reached * piety under Beogh
  4524 | D:4      | Reached ** piety under Beogh
  4586 | D:4      | Noticed Ijyb
  4588 | D:4      | HP: 1/55 [Ijyb/bolt of acid (20)]
  4590 | D:4      | Killed from afar by Ijyb

Illustrated notes

Levels and vault maps discovered:
D:1:      dpeg_arrival_yet_another_circle, layout_rooms,
          hellmonk_ecumenical_altar_pennies_from_heaven, grunt_decor_cap
D:2:      layout_basic, basic_altar, minmay_misc_feat_plants, minmay_vboxes
D:3:      layout_loops_cross, overflow_temple_1_default, zin_scriptorium,
          nrook_mini_vaults, nrook_uturn, st_stairs_3, minivault_27
D:4:      layout_loops_ring, uniq_natasha, uniq_ijyb

Skill      XL: |  1  2  3  4  5 |
---------------+----------------+-----
Fighting       | 4 |  4.8
Axes           | 5 6 7 |  7.2
Shields        | 1 |  1.6
Armour         | 1 |  1.2
Dodging        | |  2.8
Stealth        | |  1.6

Action                   |  1- 3 |  4- 6 || total
-------------------------+-------+-------++-------
Melee: Hand axe          |   102 |    80 ||   182
       War axe           |       |    57 ||    57
Invok: Convert to Beogh  |       |     1 ||     1
Evoke: Wand              |       |     1 ||     1
  Use: Potion            |       |     1 ||     1
 Stab: Sleeping          |       |     2 ||     2
       Paralysed         |       |     6 ||     6
Armor: Robe              |    20 |     5 ||    25
       Leather armour    |       |    23 ||    23
Dodge: Dodged            |    77 |    56 ||   133
Block: Kite shield       |     9 |    46 ||    55

Table legend: (Time is in decaauts)
 A = Elapsed time spent in this place.
 B = Non-inter-level travel time spent in this place.
 C = Inter-level travel time spent in this place.
 D = Time resting spent in this place.
 E = Time spent auto-exploring this place.
 F = Levels seen in this place.
 G = Mean time per level.
                   A        B        C        D        E       F      G
               +--------+--------+--------+--------+--------+-----+--------+
         Total |   4641 |   4410 |    231 |   1776 |      0 |   4 | 1160.2 |
       Dungeon |   4641 |   4410 |    231 |   1776 |      0 |   4 | 1160.2 |
               +--------+--------+--------+--------+--------+-----+--------+

Top non-repeatable levels by time:
     D:2: 1630 daAuts
     D:3: 1127 daAuts
     D:4: 948 daAuts
     D:1: 936 daAuts
